 Dungeon Crawl Stone Soup version 0.19-a0-805-g0a78ef0 (webtiles) character file.

743 AlphabetPasta the Grave Robber (level 8, -8/52 HPs)
             Began as a Formicid Necromancer on June 26, 2016.
             Mangled by Menkaure (23 damage)
             ... on level 3 of the Dungeon on June 27, 2016.
             The game lasted 00:26:37 (4691 turns).

AlphabetPasta the Grave Robber (FoNe)               Turns: 4691, Time: 00:26:37

Health: -8/52      AC:  5    Str: 14    XL:     8   Next: 5%
Magic:  14/14      EV: 13    Int: 16    God:
Gold:   236        SH:  0    Dex: 11    Spells: 5 memorised, 3 levels left

rFire  . . .     SeeInvis +     d - +0 hand axe
rCold  . . .     Gourm    .     a - +0 robe
rNeg   . . .     Faith    .     (no shield)
rPois  .         Spirit   .     (helmet unavailable)
rElec  .         Dismiss  .     j - +0 cloak
rCorr  .         Reflect  .     (no gloves)
SustAt .         Harm     .     o - +1 pair of boots
MR     .....                    (no amulet)
Stlth  ++........               (no ring)
                                (no ring)

@: not resistant to hostile enchantments, unstealthy
A: permanent stasis, dig shafts and tunnels, four strong arms, antennae 3
a: Dig, Shaft Self


You were on level 3 of the Dungeon.
You were not hungry.

You visited 1 branch of the dungeon, and saw 4 of its levels.
You also visited: Sewer.

You collected 236 gold pieces.

Inventory:

Hand Weapons
 d - a +0 hand axe (weapon)
Armour
 a - a +0 robe (worn)
 j - a +0 cloak (worn)
 o - a +1 pair of boots (worn)
 v - a +1 leather armour of fire resistance
Jewellery
 e - an uncursed ring of sustain attributes {unknown}
 l - an uncursed amulet of magic regeneration {unknown}
 n - an uncursed ring of resist corrosion {unknown}
 p - an uncursed ring of flight {unknown}
 r - an uncursed ring of positive energy {unknown}
Scrolls
 h - a scroll of enchant armour {unknown}
 m - a scroll of random uselessness {unknown}
 t - a scroll of recharging {unknown}
Potions
 u - a potion of agility {unknown}
 w - a potion of mutation {unknown}
 z - a potion of might {unknown}
 A - a potion of degeneration {unknown}
Books
 b - a book of Necromancy

   Spells                             Type                      Level
   a - Pain                           Necromancy                   1
   b - Animate Skeleton               Necromancy                   1
   c - Vampiric Draining              Necromancy                   3
   d - Regeneration                   Charms/Necromancy            3
   e - Animate Dead                   Necromancy                   4
   f - Control Undead                 Necromancy                   4
Miscellaneous
 k - a phantom mirror
Comestibles
 c - 6 bread rations
 f - a meat ration
 g - a slice of pizza
 i - 4 fruits


   Skills:
 * Level 4.6 Axes
 + Level 1.2 Armour
 + Level 3.3 Dodging
 - Level 2.4 Stealth
 + Level 4.2 Spellcasting
 * Level 6.0 Necromancy


You had 3 spell levels left.
You knew the following spells:

 Your Spells              Type           Power        Failure   Level  Hunger
a - Pain                  Necr           ###.         1%          1    None
b - Animate Skeleton      Necr           N/A          1%          1    None
c - Vampiric Draining     Necr           ###.......   4%          3    ###....
d - Regeneration          Chrm/Necr      ##........   14%         3    ###....
e - Animate Dead          Necr           N/A          14%         4    ####...


Dungeon Overview and Level Annotations

Branches:
Dungeon (4/15)
 Temple: D:4-7

Altars:

Annotations:
D:3 Menkaure
D:4 Blork the orc; Oroborous's ghost, amateur DsWz


Innate Abilities, Weirdness & Mutations

You are under a permanent stasis effect.
You can dig through walls and to a lower floor.
Your four strong arms can wield two-handed weapons with a shield.
You have a pair of large antennae on your head. (SInv)


Message History

Menkaure points at you and mumbles some strange words.
Pain shoots through your body!
* * * LOW HITPOINT WARNING * * *
You feel much better. Menkaure hits you!
You barely miss Menkaure.
Menkaure is moderately damaged.
Menkaure calls on the powers of darkness!
Your body is wracked with pain!
* * * LOW HITPOINT WARNING * * *
You hit Menkaure but do no damage.
Menkaure is moderately damaged.
Menkaure barely misses you.
You hit Menkaure.
Menkaure is moderately damaged.
Menkaure shouts, "The sands of time shall wipe you from history!"
Menkaure misses you. Menkaure closely misses you.
You hit Menkaure but do no damage.
Menkaure is moderately damaged.
Menkaure hits you!!
You die...

##########
#..@[....########
#.M#####........####
###..###########.....
##......## ######
##........##
#..........#
#..........# #
#..........### ########
#............###......)


You could see Menkaure.

Vanquished Creatures
  Purgy (Sewer)
  An ogre (D:4)
  A howler monkey (D:4)
  A giant frog zombie (D:4)
  A hound (D:4)
  A gnoll shaman (D:3)
  2 orc priests (D:3)
  3 orc wizards
  A worker ant (D:4)
  5 gnolls
  10 adders
  2 oozes
  3 worms
  2 dart slugs
  5 giant geckos (D:3)
  15 orcs
  2 ball pythons
  9 giant cockroaches
  7 goblins
  10 hobgoblins
  2 quokkas
  5 bats
  3 giant newts
  14 kobolds
  12 rats
118 creatures vanquished.

Vanquished Creatures (collateral kills)
  A giant cockroach (D:2)
  2 goblins (D:1)
  A hobgoblin (D:2)
  A kobold (D:1)
5 creatures vanquished.

Grand Total: 123 creatures vanquished

Notes
Turn   | Place    | Note
--------------------------------------------------------------
     0 | D:1      | AlphabetPasta the Formicid Necromancer began the quest for the Orb.
     0 | D:1      | Reached XP level 1. HP: 13/13 MP: 3/3
   169 | D:1      | Reached XP level 2. HP: 14/19 MP: 1/5
   172 | D:1      | Learned a level 1 spell: Animate Skeleton
   557 | D:1      | Reached skill level 1 in Axes
   582 | D:1      | Reached XP level 3. HP: 20/24 MP: 2/6
   789 | D:1      | Learned a level 3 spell: Vampiric Draining
   893 | D:2      | Reached XP level 4. HP: 26/30 MP: 2/7
   904 | D:2      | Learned a level 3 spell: Regeneration
  1714 | D:2      | Reached XP level 5. HP: 33/35 MP: 6/9
  2135 | D:3      | Found a glowing drain.
  2154 | Sewer    | Entered a sewer
  2282 | Sewer    | Noticed Purgy
  2295 | Sewer    | Killed Purgy
  2295 | Sewer    | Reached skill level 5 in Necromancy
  2295 | Sewer    | Reached XP level 6. HP: 16/41 MP: 0/11
  3101 | D:3      | Reached XP level 7. HP: 36/46 MP: 6/12
  3108 | D:3      | Learned a level 4 spell: Animate Dead
  4065 | D:4      | Upgraded the game from 0.19-a0-804-g7c5a0f4 to 0.19-a0-805-g0a78ef0
  4284 | D:4      | Noticed Blork the orc
  4383 | D:4      | Noticed Oroborous's ghost (amateur DsWz)
  4537 | D:4      | Reached skill level 1 in Armour
  4537 | D:4      | Reached skill level 6 in Necromancy
  4537 | D:4      | Reached XP level 8. HP: 45/52 MP: 5/14
  4671 | D:4      | Noticed Menkaure
  4691 | D:3      | Mangled by Menkaure

Vault maps used:
D:1:      grunt_arrival_crossed_arrows, minivault_14
D:3:      first_bread, portal_sewer_entry_f
D:4:      bloody_trog, uniq_blork_the_orc, uniq_menkaure
Sewer:    kennysheep_door_sewer

Skill      XL: |  1  2  3  4  5  6  7 |
---------------+----------------------+-----
Dodging        | 2 3 |  3.3
Axes           | 1 2 3 4 |  4.6
Spellcasting   | 3 4 |  4.2
Necromancy     | 5 6 |  6.0
Armour         | 1 |  1.2
Stealth        | |  2.4

Action                   |  1- 3 |  4- 6 |  7- 9 || total
-------------------------+-------+-------+-------++-------
Melee: Hand axe          |    15 |    49 |    73 ||   137
 Cast: Pain              |    45 |   106 |    72 ||   223
       Animate Skeleton  |     2 |       |       ||     2
       Vampiric Draining |       |     7 |       ||     7
       Animate Dead      |       |       |     1 ||     1
  Use: Scroll            |       |     4 |       ||     4
       Potion            |       |       |     2 ||     2
 Stab: Sleeping          |       |     4 |     1 ||     5
       Distracted        |       |       |     1 ||     1
  Eat: Chunk             |       |     7 |     4 ||    11
       Beef jerky        |       |     1 |     1 ||     2
Armor: Robe              |     5 |    22 |    26 ||    53
Dodge: Dodged            |    14 |    67 |    56 ||   137
